 Dungeon Crawl Stone Soup version 0.24.0-1-gfbc8707122 (webtiles) character file.

Game seed: 6646888232671051441, levelgen mode: deterministic

7753 mortelune the Protected (level 11, 0/108 HPs)
             Began as a Deep Dwarf Fighter on Oct 26, 2019.
             Was a Believer of Makhleb.
             Slain by an orc warrior
             ... wielding a +0 hand axe of distortion
              (6 damage)
             ... on level 10 of the Dungeon.
             The game lasted 00:35:01 (9050 turns).

mortelune the Protected (Deep Dwarf Fighter)        Turns: 9050, Time: 00:35:01

Health: 0/108      AC: 21    Str: 26    XL:     11   Next: 0%
Magic:  4/4        EV:  7    Int:  9    God:    Makhleb [**....]
Gold:   362        SH:  0    Dex: 12    Spells: 10/10 levels left

rFire    . . .     SeeInvis .   A - +0 battleaxe
rCold    . . .     Gourm    .   (shield currently unavailable)
rNeg     . . .     Faith    .   n - +0 plate armour
rPois    .         Spirit   .   y - +0 helmet
rElec    .         Reflect  .   m - +0 cloak
rCorr    .         Harm     .   G - +2 pair of gloves
MR       ++...                  (no boots)
Stlth    ..........             (no amulet)
HPRegen  0.00/turn              S - +3 ring of strength
MPRegen  0.09/turn              j - ring of protection from magic

@: non-regenerating
A: damage resistance, heal wounds, sense surroundings 2, no regeneration
a: Heal Wounds, Minor Destruction, Renounce Religion


You were on level 10 of the Dungeon.
You worshipped Makhleb.
Makhleb was pleased with you.
You were not hungry.

You visited 2 branches of the dungeon, and saw 11 of its levels.

You collected 362 gold pieces.

Inventory:

Hand Weapons
 a - a +0 war axe
 k - a +0 mace
 q - a +0 hand axe
 A - a +0 battleaxe (weapon)
 H - a +0 scimitar of flaming
Missiles
 e - a throwing net
 g - 18 boomerangs (quivered)
 v - 9 poisoned darts
 D - 3 javelins
Armour
 b - a scarf of cloud immunity
 c - a +0 shield
 d - a +0 scale mail
 m - a +0 cloak (worn)
 n - a +0 plate armour (worn)
 p - a +2 pair of gloves
 t - a cursed +0 chain mail
 u - a +4 ring mail of magic resistance
 x - the +2 leather armour "Moanaad" {Int+4}
   (You found it on level 4 of the Dungeon)

   It affects your intelligence (+4).
 y - a +0 helmet (worn)
 E - a +0 pair of gloves
 G - a +2 pair of gloves (worn)
Jewellery
 j - a ring of protection from magic (right hand)
 r - an uncursed ring of protection from fire
 F - an uncursed ring of teleportation
 N - an uncursed ring of poison resistance
 P - an uncursed ring of protection from cold
 S - a +3 ring of strength (left hand)
Wands
 w - a wand of random effects (45)
 B - a wand of scattershot (4)
 I - a wand of flame (28)
 L - a wand of paralysis (6)
 M - a wand of iceblast (10)
Scrolls
 i - 2 scrolls of magic mapping
 s - a scroll of remove curse
 C - a scroll of amnesia
 J - a scroll of vulnerability {unknown}
 K - a scroll of immolation
 O - a scroll of enchant armour
Potions
 h - a potion of degeneration
 l - 4 potions of curing
 o - a potion of cancellation
 z - a potion of flight
 R - a potion of heal wounds
Comestibles
 f - 17 rations


   Skills:
 * Level 9.7 Fighting
 + Level 10.7 Axes
 + Level 10.9 Armour
 - Level 3.2 Shields
 + Level 2.4 Invocations


You had 10 spell levels left.
You didn't know any spells.
Your spell library was empty.

Dungeon Overview and Level Annotations

Branches:
Dungeon (10/15)            Temple (1/1) D:7
   Lair: D:8-11         Orc: D:9-12

Altars:
Ashenzari
Cheibriados
Dithmenos
Elyvilon
Fedhas
Gozag
Hepliaklqana
Kikubaaqudgha
Makhleb
Nemelex Xobeh
Okawaru
Qazlal
Ru
Sif Muna
Trog
Uskayaw
Vehumet
Wu Jian
Xom
Yredelemnul
Zin
The Shining One

Annotations:
D:3 1 runed translucent door, Crazy Yiuf
D:5 3 runed translucent doors, Monsterracer's ghost, amateur DsAK
D:9 3 runed translucent doors, Gastronok; Hotior's ghost, journeyman FoFi


Innate Abilities, Weirdness & Mutations

You are resistant to damage.
You can heal yourself by infusing magical energy.
You passively map the area around you.
You do not regenerate.


Message History

Makhleb accepts your kill.
You closely miss the orc. The orc hits you but does no damage.
You slash the orc!
You kill the orc!
Makhleb accepts your kill.
You slash the orc!
You kill the orc!
Makhleb accepts your kill.
Your plate armour prevents you from hitting the orc warrior.
The orc warrior is moderately wounded.
The orc wizard shouts!
The orc warrior hits you but does no damage.
Space warps horribly around you!!
* * * LOW HITPOINT WARNING * * *
You closely miss the orc warrior.
The orc warrior is moderately wounded.
The orc warrior hits you with a +0 hand axe of distortion!
* * * LOW HITPOINT WARNING * * *
Space warps horribly around you!
You die...

#.# #..# #..# #..# #.# #..#
#..# #..# #.# #..# #..# #..#
#.# #..# #.># #..# #.# #..#
#..# #..# #.# #..# #..# #..#
#.####>.# #..# #.>####
#.......#######..#######......
#............@oo..............
##############################


You could see an orc warrior and an orc wizard.

Vanquished Creatures
  Erica (D:10)
  An unseen horror (D:10)
  Maurice (D:9)
  A troll (D:7)
  2 hippogriffs
  2 hornets (D:10)
  2 wyverns
  Grum (D:8)
  5 yaks (D:10)
  A hungry ghost (D:10)
  A soldier ant (D:10)
  A black bear (D:10)
  5 orc warriors
  A phantom (D:8)
  2 sky beasts
  3 ice beasts
  2 ogres
  A centaur (D:9)
  4 wolves (D:8)
  8 bullfrogs
  A wyvern zombie (D:7)
  2 scorpions
  4 killer bees (D:9)
  2 howler monkeys
  6 crimson imps
  A bullfrog zombie (D:9)
  4 orc priests
  3 hounds
  2 jellies
  A quasit (D:7)
  6 orc wizards
  A bullfrog skeleton (D:7)
  A centaur skeleton (D:6)
  4 iguanas
  5 worker ants
  2 hound skeletons
  A howler monkey zombie (D:9)
  A worker ant zombie (D:7)
  7 gnolls
  11 adders
  2 shadow imps
  An ooze (D:2)
  4 worms
  3 dart slugs
  6 leopard geckos
  36 orcs
  A ball python (D:1)
  11 bats
  2 giant cockroaches
  6 goblins
  8 hobgoblins
  9 jackals
  8 kobolds
  8 quokkas
  7 frilled lizards
  A giant cockroach zombie (D:6)
  A jackal zombie (D:5)
  2 leopard gecko skeletons
  A quokka zombie (D:7)
  9 rats
236 creatures vanquished.

Notes
Turn   | Place    | Note
-------+----------+-------------------------------------------
     0 | D:1      | mortelune the Deep Dwarf Fighter began the quest for the
                  | Orb.
     0 | D:1      | Reached XP level 1. HP: 20/20 MP: 1/1
   100 | D:1      | Reached XP level 2. HP: 18/27 MP: 2/2
   560 | D:1      | Reached XP level 3. HP: 13/34 MP: 3/3
   848 | D:2      | Found an ancient bone altar of Kikubaaqudgha.
   851 | D:2      | Found a glowing golden altar of the Shining One.
  1295 | D:2      | Reached XP level 4. HP: 40/42 MP: 3/3
  1511 | D:2      | Found a sparkling altar of Nemelex Xobeh.
  1902 | D:3      | Found a runed translucent door.
  1903 | D:3      | Noticed Crazy Yiuf
  2000 | D:3      | Found a faded altar of an unknown god.
  2564 | D:4      | Reached XP level 5. HP: 42/50 MP: 4/4
  2817 | D:4      | Reached skill level 5 in Armour
  2924 | D:4      | Noticed an ogre
  2965 | D:5      | Entered Level 5 of the Dungeon
  2974 | D:5      | Noticed an ice beast
  3106 | D:4      | Reached XP level 6. HP: 39/57 MP: 5/5
  3199 | D:4      | Got a brightly glowing leather armour
  3464 | D:5      | Identified the +2 leather armour "Moanaad" {Int+4} (You
                  | found it on level 4 of the Dungeon)
  3722 | D:5      | Killed an ice beast
  3722 | D:5      | Reached skill level 5 in Axes
  3839 | D:5      | Found a glowing silver altar of Zin.
  3892 | D:5      | Reached XP level 7. HP: 24/66 MP: 4/4
  4038 | D:5      | Found a runed translucent gate.
  4038 | D:5      | Found a runed translucent gate.
  4038 | D:5      | Found a runed translucent gate.
  4040 | D:5      | Noticed Monsterracer's ghost (amateur DsAK)
  4215 | D:5      | Reached skill level 5 in Fighting
  4436 | D:6      | Noticed a wyvern
  4463 | D:6      | Killed a wyvern
  4566 | D:6      | Reached XP level 8. HP: 66/75 MP: 4/4
  5019 | D:6      | Noticed a moth of wrath
  5022 | D:6      | Found a bloodstained altar of Trog.
  5291 | D:6      | Found a sparkling altar of Nemelex Xobeh.
  5502 | D:7      | Found a staircase to the Ecumenical Temple.
  5513 | Temple   | Entered the Ecumenical Temple
  5702 | Temple   | Became a worshipper of Makhleb the Destroyer
  5901 | D:7      | Noticed a troll
  5910 | D:7      | Killed a troll
  5910 | D:7      | Gained mutation: You passively map the area around you.
                  | [Deep Dwarf growth]
  5910 | D:7      | Reached XP level 9. HP: 35/85 MP: 4/4
  6154 | D:7      | Found a hide-covered altar of Uskayaw.
  6156 | D:7      | Noticed a +0 dagger
  6156 | D:7      | Noticed a +0 hand axe
  6846 | D:8      | Found a snail-covered altar of Cheibriados.
  6861 | D:8      | Reached * piety under Makhleb
  6868 | D:8      | Found an opulent altar of Gozag.
  6889 | D:8      | Found a hazy altar of Hepliaklqana.
  6912 | D:8      | Noticed Grum
  6934 | D:8      | Killed Grum
  7122 | D:9      | Noticed Gastronok
  7147 | D:9      | Noticed a death yak
  7235 | D:8      | You fall into a shaft and drop 2 floors!
  7235 | D:10     | Entered Level 10 of the Dungeon
  7245 | D:10     | Noticed Erica
  7283 | D:10     | Killed Erica
  7283 | D:10     | Reached XP level 10. HP: 20/96 MP: 4/4
  7387 | D:10     | Reached skill level 10 in Armour
  7475 | D:10     | Found a white marble altar of Elyvilon.
  7634 | D:10     | Reached skill level 10 in Axes
  7858 | D:9      | Noticed Hotior's ghost (journeyman FoFi)
  7920 | D:9      | Found a runed translucent gate.
  7920 | D:9      | Found a runed translucent gate.
  7920 | D:9      | Found a runed translucent gate.
  8029 | D:9      | Noticed Maurice
  8040 | D:9      | Reached ** piety under Makhleb
  8065 | D:9      | Killed Maurice
  8384 | D:9      | Reached skill level 1 in Invocations
  8499 | D:9      | Noticed a death yak
  8499 | D:9      | Noticed a death yak
  8575 | D:10     | Killed an unseen horror
  8705 | D:10     | Reached XP level 11. HP: 73/108 MP: 4/4
  9050 | D:10     | Slain by an orc warrior

Levels and vault maps discovered:
D:1:      grunt_arrival_lava_bath, layout_loops_ring, supply_closet_lemuel
D:2:      layout_basic, nicolae_overflow_hidden_temple, minitemple
D:3:      layout_loops_cross, chequers_ecumenical_altar_simple_redux,
          uniq_crazy_yiuf_cottage
D:4:      layout_loops_ring, first_ration
D:5:      layout_cave_pods, lemuel_round_altar, ebering_ghost_rock_garden
D:6:      layout_loops_ring, tgw_trog, nemelex_spade_bored_becter
D:7:      layout_basic, dancing_weapons_uskayaw,
          minmay_temple_entry_glassed_door, minmay_misc_feat_columns
D:8:      layout_basic, nicolae_overflow_crystal_walls, grunt_gozag_breadcrumbs,
          old_standard_altar, uniq_grum
D:9:      layout_small_grid, dpeg_lair_monsters, gammafunk_ghost_split,
          uniq_maurice, uniq_gastronok
D:10:     layout_long_grid, basic_altar, minmay_hedge_maze,
          hangedman_pestilent_swarm, uniq_erica
Temple:   nicolae_temple_figure_eight

Skill      XL: |  1  2  3  4  5  6  7  8  9 10 |
---------------+-------------------------------+-----
Fighting       | 3 4 5 6 8 9 |  9.7
Axes           | 3 4 5 6 7 9 10 | 10.7
Armour         | 4 5 6 8 9 10 | 10.9
Invocations    | 2 |  2.4
Shields        | |  3.2

Action                   |  1- 3 |  4- 6 |  7- 9 | 10-12 || total
-------------------------+-------+-------+-------+-------++-------
Melee: War axe           |   113 |   230 |   448 |   161 ||   952
       Battleaxe         |       |       |       |   128 ||   128
Throw: Boomerang         |     7 |    48 |    25 |       ||    80
       Dart              |       |     3 |     6 |       ||     9
       Throwing net      |       |       |     1 |       ||     1
 Abil: Heal Wounds       |     1 |     4 |    19 |     8 ||    32
Evoke: Wand              |       |       |       |     1 ||     1
  Use: Scroll            |       |     7 |     4 |     6 ||    17
       Potion            |       |     2 |    10 |       ||    12
 Stab: Confused          |       |       |       |     1 ||     1
  Eat: Chunk             |     1 |     9 |    12 |     5 ||    27
       Ration            |       |       |       |     1 ||     1
Armor: Scale mail        |    50 |    57 |       |       ||   107
       Ring mail         |       |    52 |   134 |       ||   186
       Plate armour      |       |       |    76 |   286 ||   362
Dodge: Dodged            |    30 |    79 |   120 |    99 ||   328
Block: Shield            |    59 |   138 |   199 |    50 ||   446
